 Dungeon Crawl Stone Soup version 0.27.1-1-g398f81649c (webtiles) character file.

Game seed: 8372912985454160473

250 ZARRMARR the Sneak (level 6, -3/39 HPs)
             Began as an Octopode Conjurer on Sept 12, 2021.
             Was an Initiate of Sif Muna.
             Slain by an iguana (10 damage)
             ... on level 4 of the Dungeon.
             The game lasted 00:11:10 (3700 turns).

ZARRMARR the Sneak (Octopode Conjurer)              Turns: 3700, Time: 00:11:12

Health: -3/39      AC:  1    Str:  6    XL:     6   Next: 13%
Magic:  1/9        EV: 13    Int: 22    God:    Sif Muna [......]
Gold:   74         SH:  0    Dex: 11    Spells: 8/9 levels left

rFire    + . .     SeeInvis .   c - +2 dagger (drain)
rCold    . . .     Faith    .   (no shield)
rNeg     . . .     Spirit   .   (helmet restricted)
rPois    .         Reflect  .   (no amulet)
rElec    .         Harm     .   b - ring of protection from fire
rCorr    .         Rampage  .   (no ring)
Will     .....                  (no ring)
Stlth    ++++......             (no ring)
HPRegen  0.13/turn              (no ring)
MPRegen  0.11/turn              (no ring)
                                (no ring)
                                (no ring)

@: no status effects
A: almost no armour, amphibious, 8 rings, camouflage 1, gelatinous body 1,
(nimble swimmer 1), tentacles
a: Renounce Religion


You were on level 4 of the Dungeon.
You worshipped Sif Muna.
Sif Muna was noncommittal.
You visited 1 branch of the dungeon, and saw 4 of its levels.

You collected 134 gold pieces.
You spent 60 gold pieces at shops.

Inventory:

Hand Weapons
 c - a +2 dagger of draining (weapon)
Jewellery
 b - a ring of protection from fire (left tentacle)
Scrolls
 a - 2 scrolls of enchant armour
 d - a scroll of torment
 g - 2 scrolls of teleportation
 i - a scroll of brand weapon {unknown}
Potions
 f - a potion of haste


   Skills:
 + Level 2.3 Fighting
 * Level 3.4 Short Blades
 + Level 3.2 Dodging
 + Level 4.6 Stealth
 - Level 2.0 Spellcasting
 - Level 4.0 Conjurations


You had 8 spell levels left.
You knew the following spells:

 Your Spells              Type           Power      Damage    Failure   Level
a - Magic Dart            Conj           76%        1d6       2%          1

Your spell library contained the following spells:

 Spells                   Type           Power      Damage    Failure   Level
 Searing Ray              Conj           38%        3d4       4%          2
 Dazzling Flash           Conj/Hex       22%        N/A       19%         3
 Fulminant Prism          Conj/Hex       5%         3d7       52%         4
 Iskenderun's Mystic Bla  Conj/Tloc      11%        2d4       52%         4


Dungeon Overview and Level Annotations

Branches:
Dungeon (4/15)
 Temple: D:4-7

Altars:
Gozag
Sif Muna
Vehumet
Xom

Shops:
D:3 !

Annotations:
D:2 exclusions: ball python and black bear
D:4 exclusions: orc and orc wizard


Innate Abilities, Weirdness & Mutations

You cannot wear most types of armour.
You are amphibious.
You can wear up to eight rings at the same time.
Your skin changes colour to match your surroundings (Stealth+).
Your rubbery body absorbs attacks. (AC +1, EV +1)
((You are camouflaged near water. (Stealth+)))
You have tentacles for arms and can constrict up to eight enemies at once.


Message History

You feel sick.
You feel sick.
You are no longer poisoned.
You feel yourself slow down.
An orc and an orc wizard come into view.
Found a stone staircase leading down.
Press: ? - help, . - travel You can't see that place. [the floor.] Placed new exclusion.
Unknown command.
You hear the slow rusting of a very distant drain.
An iguana comes into view.
The iguana hisses angrily.
Casting: Magic Dart (safe; 2% risk of failure)
Confirm with . or Enter, or press ? or * to list all spells.
Aiming: Magic Dart (safe; 2% risk of failure)
Press: ? - help, Shift-Dir - straight line, f - iguana
Aim: an iguana (100% to hit)
The magic dart hits the iguana.
The iguana is lightly wounded.
Casting: Magic Dart (safe; 2% risk of failure)
Confirm with . or Enter, or press ? or * to list all spells.
Aiming: Magic Dart (safe; 2% risk of failure)
Press: ? - help, Shift-Dir - straight line, f/p - iguana
Aim: an iguana (lightly wounded, 100% to hit)
The magic dart hits the iguana.
The iguana is moderately wounded.
You hit the iguana. You grab the iguana.
The iguana is heavily wounded.
You constrict the iguana, but do no damage.
The iguana bites you.
* * * LOW HITPOINT WARNING * * *
You hit the iguana.
You squeeze the iguana, but do no damage.
The iguana is severely wounded.
You constrict the iguana.
The iguana hisses menacingly.
The iguana bites you!
You die...

##..## ##..## ##...###
.# ##......# ..
###.......#
#.##.........#######
#.......###........#
#####...#<#######....#
.........)l@.........#
.........#########...#
.........# #...#
.........# #...#
.........# #...#
.##..##### ##### #..
#.#


You could see an iguana.

Vanquished Creatures
  A scorpion (D:4)
  A killer bee zombie (D:3)
  7 adders
  An adder skeleton (D:4)
  4 worms
  2 dart slugs
  4 orcs (D:3)
  8 bats
  6 endoplasms
  3 giant cockroaches
  8 goblins
  5 hobgoblins
  6 jackals (D:1)
  9 kobolds
  5 quokkas
  5 ball pythons
  2 frilled lizards (D:1)
  9 rats
86 creatures vanquished.

Notes
Turn   | Place    | Note
-------+----------+-------------------------------------------
     0 | D:1      | ZARRMARR the Octopode Conjurer began the quest for the Orb.
     0 | D:1      | Reached XP level 1. HP: 11/11 MP: 3/3
   131 | D:1      | Reached XP level 2. HP: 18/18 MP: 1/5
   197 | D:1      | Reached skill level 1 in Short Blades
   642 | D:1      | Reached skill level 1 in Fighting
   642 | D:1      | Reached XP level 3. HP: 23/23 MP: 6/6
  1368 | D:2      | Reached XP level 4. HP: 27/28 MP: 7/7
  1688 | D:2      | Found a shimmering altar of Xom.
  1990 | D:2      | Noticed a black bear
  2374 | D:3      | Found Nouphege's Distillery.
  2403 | D:3      | Bought a potion of heal wounds for 60 gold pieces
  2573 | D:3      | Found a shimmering blue altar of Sif Muna.
  2578 | D:3      | Became a worshipper of Sif Muna the Loreminder
  2887 | D:3      | Reached XP level 5. HP: 21/34 MP: 8/8
  3006 | D:3      | Found an opulent altar of Gozag.
  3036 | D:3      | Found a radiant altar of Vehumet.
  3638 | D:4      | Reached XP level 6. HP: 6/39 MP: 9/9
  3700 | D:4      | Slain by an iguana

Illustrated notes

Levels and vault maps discovered:
D:1:      lemuel_arrival_hallway, layout_loops_ring
D:2:      layout_basic, basic_altar, st_stairs_5
D:3:      layout_basic, marbit_many_paths, mainiacjoe_overflow_catch_the_wave,
          serial_shops, nicolae_shop_statue_plus
D:4:      layout_rooms, elyvilon_altar_4, beargit_hepliaklqana_dungeon_heroes,
          portal_sewer_entry_b, chequers_serial_rivers_micro_b

Skill      XL: |  1  2  3  4  5 |
---------------+----------------+-----
Stealth        | 3 4 |  4.6
Short Blades   | 1 2 3 |  3.4
Fighting       | 1 2 |  2.3
Dodging        | 3 |  3.2
Spellcasting   | |  2.0
Conjurations   | |  4.0

Action                   |  1- 3 |  4- 6 || total
-------------------------+-------+-------++-------
Melee: Constrict         |    12 |    14 ||    26
       Tentacles         |     8 |     9 ||    17
       Unarmed           |     1 |       ||     1
       Dagger            |    62 |    68 ||   130
 Cast: Magic Dart        |    32 |    40 ||    72
  Use: Scroll            |     3 |     3 ||     6
       Potion            |       |     4 ||     4
 Stab: Sleeping          |     9 |    15 ||    24
Armor: Skin              |       |     3 ||     3
Dodge: Dodged            |    24 |    31 ||    55
